AoeStats
← 912113973

Yucatan

510601520Analyzed
4v4 RM · 1d ago on Oct 1, 2026· 107m 35s· 8 players
Game mode
Random Map
Map size
Large (8 player)
Population
200
Speed
Normal
Resources
Standard
Victory
Conquest
Starting age
Dark Age
Ending age
Imperial Age
RankedLock teamsTeams togetherTeam positionsShared explorationLock speedFull tech treeHidden civsTurbo modeCheats
Victory
Defeat
🇬🇷 Dravidians · Greece
985
+17
🇨🇳 Saracens · China
976
+17
🇨🇳 Magyars · China
966
+18
🇨🇳 Mongols · China
941
+19
🇨🇿 Franks · Czechia
1068
-20
🇨🇿 Mongols · Czechia
997
-17
🇨🇿 Huns · Czechia
987
-17
🇨🇿 Spanish · Czechia
976
-17
90_Archer
10:00 Loom
11:45 Feudal Age
14:27 Double-Bit Axe
14:53 Horse Collar
17:59 Castle Age
19:59 Wheelbarrow
19:53 Bow Saw
19:45 Heavy Plow
24:36 Gold Mining
25:03 Hand Cart
30:51 Fishing Lines
31:04 Stone Mining
31:47 Padded Archer Armor
31:40 Fletching
32:26 Gillnets
34:35 Gold Shaft Mining
35:05 Town Watch
38:26 Imperial Age
37:11 Bimaristan
39:32 Conscription
38:33 Elite Mameluke
39:54 Husbandry
40:04 Bloodlines
40:16 Scale Barding Armor
41:30 Chemistry
40:51 Ballistics
40:06 Heavy Camel Rider
43:11 Two-Man Saw
43:31 Chain Barding Armor
43:53 Fortified Wall
45:15 Counterweights
45:19 Squires
44:49 Light Cavalry
45:26 Hussar
48:59 Forging
49:25 Plate Barding Armor
51:05 Iron Casting
50:46 Leather Archer Armor
53:20 Herbal Medicine
53:35 Fervor
54:49 Blast Furnace
54:20 Ring Archer Armor
54:20 Town Patrol
66:16 Siege Engineers
66:07 Murder Holes
103:49 Redemption
912113973
2:09 Loom
12:02 Feudal Age
14:32 Bloodlines
17:36 Castle Age
15:27 Double-Bit Axe
25:40 Fletching
30:07 Wheelbarrow
29:47 Town Watch
30:30 Padded Archer Armor
31:56 Hand Cart
38:32 Imperial Age
44:16 Imperial Age
44:31 Bow Saw
44:03 Horse Collar
46:18 Ballistics
46:58 Chemistry
45:57 Bodkin Arrow
46:27 Heavy Plow
46:43 Bracer
46:59 Leather Archer Armor
49:53 Conscription
50:56 Masonry
50:43 Murder Holes
53:08 Elite Mangudai
56:06 Thumb Ring
56:27 Parthian Tactics
58:36 Husbandry
57:57 Light Cavalry
59:21 Hussar
60:11 Scale Barding Armor
60:17 Forging
73:23 Chain Barding Armor
75:38 Elite Skirmisher
88:02 Caravan
Denys
7:40 Loom
10:15 Feudal Age
16:34 Double-Bit Axe
20:14 Castle Age
21:49 Fishing Lines
26:35 Bow Saw
28:26 Gillnets
30:19 Wheelbarrow
29:30 Town Watch
30:19 Thumb Ring
30:18 Husbandry
30:50 Horse Collar
32:22 Scale Barding Armor
32:11 Fletching
34:33 Ballistics
34:25 Masonry
34:56 Chain Barding Armor
34:37 Padded Archer Armor
39:25 Imperial Age
37:10 Hand Cart
37:17 Heavy Plow
37:56 Bodkin Arrow
38:16 Leather Archer Armor
39:35 Coinage
39:50 Stone Mining
39:54 Gold Mining
41:07 Chemistry
40:04 Murder Holes
39:52 Elite Elephant Archer
41:04 Bracer
42:26 Conscription
42:43 Hoardings
42:11 Elite Skirmisher
43:56 Medical Corps
46:45 Caravan
48:34 Ring Archer Armor
48:18 Squires
47:38 Pikeman
50:04 Halberdier
58:18 Banking
58:03 Guilds
58:22 Forging
58:12 Scale Mail Armor
76:15 Iron Casting
75:56 Chain Mail Armor
75:35 Arson
97:12 Banking
LIN BO2372
3:37 Loom
14:14 Feudal Age
18:40 Castle Age
17:48 Double-Bit Axe
21:01 Bow Saw
21:36 Horse Collar
25:03 Heavy Plow
31:09 Stone Mining
37:16 Imperial Age
37:57 Wheelbarrow
38:42 Conscription
39:27 Two-Man Saw
39:08 Crop Rotation
39:58 Hand Cart
40:24 Elite Magyar Huszar
40:32 Light Cavalry
41:22 Bloodlines
43:53 Elite Skirmisher
44:39 Treadmill Crane
47:50 Crossbowman
55:06 Arbalester
55:52 Thumb Ring
57:11 Chemistry
58:00 Pikeman
58:26 Arson
59:35 Halberdier
61:19 Ballistics
60:33 Hussar
63:12 Corvinian Army
64:05 Padded Archer Armor
63:55 Fletching
64:05 Murder Holes
66:08 Bodkin Arrow
66:29 Leather Archer Armor
66:20 Scale Barding Armor
66:17 Onager
69:35 Ring Archer Armor
69:06 Bracer
69:27 Chain Barding Armor
69:07 Scale Mail Armor
69:05 Cavalier
69:46 Husbandry
71:20 Paladin
80:23 Plate Barding Armor
80:05 Chain Mail Armor
83:50 Recurve Bow
Ivanopterus
7:15 Loom
10:07 Feudal Age
13:20 Double-Bit Axe
17:22 Castle Age
16:01 Horse Collar
16:53 Stone Mining
18:17 Bow Saw
18:36 Fletching
18:47 Padded Archer Armor
19:12 Husbandry
24:54 Wheelbarrow
24:13 Gold Mining
24:59 Bodkin Arrow
25:45 Nomads
27:57 Thumb Ring
30:43 Hand Cart
33:57 Gold Shaft Mining
36:07 Imperial Age
34:07 Bloodlines
36:10 Heavy Camel Rider
37:49 Conscription
37:50 Drill
37:55 Bracer
38:06 Forging
38:22 Heavy Plow
39:10 Stone Shaft Mining
39:45 Capped Ram
40:26 Elite Mangudai
42:19 Parthian Tactics
42:43 Siege Ram
46:26 Leather Archer Armor
45:38 Onager
50:28 Siege Onager
51:20 Elite Steppe Lancer
51:26 Light Cavalry
59:34 Ballistics
60:15 Chemistry
58:40 Pikeman
59:21 Squires
62:28 Masonry
62:25 Hussar
66:50 Scale Mail Armor
filipusis9247
6:03 Loom
10:54 Feudal Age
11:26 Double-Bit Axe
17:53 Castle Age
19:05 Bow Saw
28:27 Husbandry
34:35 Gold Mining
35:56 Forging
37:44 Iron Casting
40:39 Imperial Age
38:08 Stone Mining
39:56 Wheelbarrow
39:30 Scale Barding Armor
41:58 Hand Cart
42:58 Heavy Mounted Crossbowman
43:56 Cranequins
45:13 Fletching
45:24 Padded Archer Armor
47:37 Chemistry
46:28 Ordonnance Companies
49:13 Ballistics
50:06 Gold Shaft Mining
51:39 Hoardings
52:08 Conscription
53:30 Caravan
54:35 Blast Furnace
53:32 Bodkin Arrow
53:53 Leather Archer Armor
55:24 Light Cavalry
60:34 Blast Furnace
59:56 Chain Barding Armor
65:03 Elite Skirmisher
67:01 Chivalry
75:23 Coinage
76:15 Elite Throwing Axeman
77:37 Pikeman
78:19 Squires
78:39 Halberdier
79:36 Scale Mail Armor
84:19 Banking
83:47 Cavalier
88:49 Paladin
Tapirocha
11:05 Feudal Age
12:12 Double-Bit Axe
15:58 Castle Age
15:00 Horse Collar
17:06 Heavy Plow
17:22 Bow Saw
18:33 Heavy Plow
22:47 Wheelbarrow
27:53 Imperial Age
25:53 Stone Mining
26:13 Gold Mining
27:58 Stone Shaft Mining
27:51 Ballistics
27:27 Murder Holes
27:47 Loom
28:18 Hand Cart
29:41 Two-Man Saw
29:01 Fletching
29:15 Padded Archer Armor
31:06 Chemistry
30:14 Bodkin Arrow
30:20 Town Watch
31:06 Husbandry
31:18 Bloodlines
34:18 Conscription
35:03 Elite Conquistador
39:40 Bracer
39:55 Leather Archer Armor
39:47 Scale Barding Armor
39:52 Forging
40:21 Town Patrol
41:32 Cavalier
44:31 Paladin
50:34 Iron Casting
50:20 Chain Barding Armor
50:32 Ring Archer Armor
LordMilan8577
9:12 Loom
11:03 Feudal Age
13:00 Double-Bit Axe
20:12 Wheelbarrow
19:48 Gold Mining
22:30 Castle Age
22:30 Stone Mining
22:33 Town Watch
23:20 Fishing Lines
23:40 Pikeman
24:34 Bloodlines
23:47 Light Cavalry
26:34 Forging
26:21 Fletching
29:48 Gold Shaft Mining
29:47 Gillnets
29:58 Bodkin Arrow
29:54 Horse Collar
36:10 Imperial Age
33:59 Hand Cart
34:03 Bow Saw
35:01 Marauders
35:40 Iron Casting
35:10 Scale Barding Armor
35:20 Husbandry
35:39 Squires
35:24 Arson
35:43 Padded Archer Armor
35:43 Scale Mail Armor
37:04 Hussar
38:58 Blast Furnace
38:18 Chain Barding Armor
38:22 Conscription
38:19 Town Patrol
40:20 Elite Tarkan
42:36 Plate Barding Armor
42:02 Bracer
43:57 Cavalier
48:08 Paladin
49:56 Leather Archer Armor
62:43 Elite Skirmisher
63:29 Thumb Ring
63:03 Halberdier
64:36 Chain Mail Armor
64:46 Ballistics
64:38 Masonry
64:24 Murder Holes
67:29 Atheism
82:57 Caravan
84:01 Two-Man Saw
100:35 Man-at-Arms
101:33 Long Swordsman
Connection lost

Rejoining the realm…

Still unreachable

The connection could not be restored.

Session expired

The server has moved on; the page needs a fresh start.